 Dungeon Crawl Stone Soup version 0.26.1-2-gb8aa6d0cf2 (webtiles) character file.

Game seed: 5479642012235243107

101 infcreate the Vexing (level 4, -2/24 HPs)
             Began as a Vampire Enchanter on Mar 30, 2021.
             Slain by an adder (3 damage)
             ... in a sewer.
             The game lasted 00:16:27 (2394 turns).

infcreate the Vexing (Vampire Enchanter)            Turns: 2394, Time: 00:16:28

Health: -2/24      AC:  2    Str:  7    XL:     4   Next: 48%
Magic:  3/7        EV: 13    Int: 17    God:
Gold:   133        SH:  0    Dex: 15    Spells: 1/7 levels left

rFire    . . .     SeeInvis +   a - +1 dagger
rCold    + + .     Faith    .   (no shield)
rNeg     + + +     Spirit   .   b - +0 robe
rPois    ∞         Reflect  .   (no helmet)
rElec    .         Harm     .   (no cloak)
rCorr    .         Rampage  .   (no gloves)
Will     .....                  (no boots)
Stlth    +++.......             (no amulet)
HPRegen  0.00/turn              (no ring)
MPRegen  0.10/turn              (no ring)

@: about to teleport, very slightly contaminated, bloodless, invisible, very
slow
A: fangs 3, see invisible, unbreathing
a: Bat Form, Revivify


You were in a sewer.
You visited 1 branch of the dungeon, and saw 3 of its levels.
You also visited: Sewer.

You collected 133 gold pieces.

Inventory:

Hand Weapons
 a - a +1 dagger (weapon)
Armour
 b - a +0 robe (worn)
Scrolls
 e - 4 scrolls of identify
 g - 2 scrolls of remove curse
 j - a scroll of fog {unknown}
Potions
 c - 2 potions of brilliance
 h - a potion of magic {unknown}
 i - a potion of invisibility
 k - a potion of ambrosia {unknown}
 l - a potion of cancellation {unknown}
 m - a potion of heal wounds {unknown}
 n - a potion of lignification {unknown}


   Skills:
 + Level 0.6 Fighting
 * Level 2.3 Short Blades
 * Level 3.1 Dodging
 * Level 5.1 Stealth
 + Level 2.3 Spellcasting
 * Level 5.3 Hexes


You had one spell level left.
You knew the following spells:

 Your Spells              Type           Power        Failure   Level
a - Corona                Hex            22%          2%          1
b - Ensorcelled Hibernat  Hex/Ice        22%          10%         2
c - Confusing Touch       Hex            20%          6%          3

Your spell library contained the following spells:

 Spells                   Type           Power        Failure   Level
 Animate Skeleton         Necr           2%           19%         1
 Apportation              Tloc           2%           19%         1
 Summon Small Mammal      Summ           4%           19%         1
 Tukima's Dance           Hex            20%          6%          3
 Dazzling Flash           Conj/Hex       22%          19%         3


Dungeon Overview and Level Annotations

Branches:
Dungeon (3/15)              Sewer (1/1)

Altars:
Okawaru
Uskayaw


Innate Abilities, Weirdness & Mutations

You do not regenerate when monsters are visible.
You are frail without blood (-20% HP).
You can heal yourself when you bite living creatures.
You are immune to poison.
You have razor-sharp teeth.
You have supernaturally acute eyesight. (SInv)
You can survive without breathing.


Message History

Aiming: Ensorcelled Hibernation (safe; 10% risk of failure)
Press: ? - help, Shift-Dir - straight line, f/p - adder
Aim: an adder (chance to affect: 50%)
The adder resists with some effort.
The adder bites you but does no damage. The adder closely misses you.
The adder misses you.
As you read the scroll of teleportation, it crumbles to dust.
You feel strangely unstable. The adder bites you. x3
The adder bites you but does no damage.
You enter the shallow water.
Moving in this stuff is going to be slow.
The adder closely misses you. The adder bites you.
* * * LOW HITPOINT WARNING * * *
The adder closely misses you. The adder bites you.
* * * LOW HITPOINT WARNING * * *
The adder bites you.
* * * LOW HITPOINT WARNING * * *
It was a potion of invisibility.
You fade into invisibility!
The adder misses you. The adder bites you.
You die...

≈≈≈≈≈≈≈≈.#
≈≈≈≈≈≈≈≈≈≈≈≈≈≈.#
#≈≈≈≈≈≈≈≈≈.≈≈≈.#
≈########≈≈≈≈≈≈≈≈.≈≈≈.#
≈≈≈≈.≈≈≈≈≈≈≈≈≈≈..≈≈≈≈.#
≈≈≈≈≈≈≈≈≈≈≈l≈≈≈≈≈≈≈≈≈.#
.≈≈≈≈≈≈≈≈≈≈≈≈≈≈≈≈≈≈≈≈.#
.≈≈≈≈≈≈≈≈BSS≈≈≈≈≈≈≈≈..#
........≈lS@†.≈≈.....##
######################


You could see 3 adders, a leopard gecko, a giant cockroach and a frilled lizard.

Vanquished Creatures
  3 adders
  An ooze (D:1)
  3 worms
  A dart slug (D:1)
  6 leopard geckos
  4 ball pythons
  6 bats
  3 giant cockroaches
  3 goblins
  A hobgoblin (D:3)
  10 jackals
  4 frilled lizards
  3 kobolds
  5 rats
53 creatures vanquished.

Notes
Turn   | Place    | Note
-------+----------+-------------------------------------------
     0 | D:1      | infcreate the Vampire Enchanter began the quest for the
                  | Orb.
     0 | D:1      | Reached XP level 1. HP: 13/13 MP: 3/3
   101 | D:1      | Reached XP level 2. HP: 15/15 MP: 5/5
   566 | D:1      | Learned a level 2 spell: Ensorcelled Hibernation
   820 | D:1      | Reached XP level 3. HP: 15/20 MP: 3/6
  1222 | D:2      | Learned a level 3 spell: Confusing Touch
  1228 | D:2      | Found an iron altar of Okawaru.
  1473 | D:2      | Reached skill level 5 in Hexes
  1491 | D:2      | Reached skill level 5 in Stealth
  1684 | D:2      | Noticed a +0 hand axe
  1685 | D:2      | Found a hide-covered altar of Uskayaw.
  1685 | D:2      | Noticed a +0 dagger
  1973 | D:2      | Reached XP level 4. HP: 24/24 MP: 7/7
  2134 | D:3      | Found a glowing drain.
  2143 | Sewer    | Entered a sewer
  2393 | Sewer    | HP: 1/24 [adder (4)]
  2394 | Sewer    | Slain by an adder

Illustrated notes

Levels and vault maps discovered:
D:1:      nzn_arrival_settlement, layout_loops_ring, minmay_tetromino_s2
D:2:      layout_loops_ring, dancing_weapons_uskayaw, okawaru_metal_pillars_1_2,
          hex_large, kennysheep_boxes
D:3:      minmay_inner_zag, layout_loops_ring, nicolae_overflow_crystal_walls,
          gup_sewer_entry_bowl, uniq_robin
Sewer:    sewer_frog_island_01

Skill      XL: |  1  2  3  4 |
---------------+-------------+-----
Hexes          | 5 |  5.3
Stealth        | 5 |  5.1
Short Blades   | 2 |  2.3
Dodging        | 3 |  3.1
Fighting       | |  0.6
Spellcasting   | |  2.3

Action                   |  1- 3 |  4- 6 || total
-------------------------+-------+-------++-------
Melee: Dagger            |   119 |    51 ||   170
       Bite              |     5 |     3 ||     8
 Cast: Corona            |     8 |     7 ||    15
       Confusing Touch   |     1 |       ||     1
       Ensorcelled Hiber |       |     4 ||     4
 Abil: Exsanguinate      |     1 |       ||     1
  Use: Scroll            |       |     5 ||     5
       Potion            |       |     1 ||     1
 Stab: Sleeping          |    16 |     6 ||    22
       Confused          |     2 |       ||     2
Armor: Robe              |    19 |     9 ||    28
Dodge: Dodged            |    70 |    43 ||   113
